Cogmind - Beta 14 @@@ ROGUE MODE // 2024.11.19 @ 07:20:09 Player: Zeldest Result: Destroyed by S-27 Virus with Autogun Performance ------------- Evolutions (3) 1500 Regions Visited (7) 1400 Robots Destroyed (8) 40 Value Destroyed (138) 138 Prototype IDs (23) 460 Alien Tech Used (0) 0 Bonus (300) 300 TOTAL SCORE: 3838 Bonus ------- Aligned with FarCom 300 Cogmind --------- Core Integrity 0/700 Matter 213/300 Energy 99/100 System Corruption 0% Temperature Cool (0) Movement Core (50) Location -7/Lower Caves Parts ------- > --- POWER (2) -------- (None) > --- PROPULSION (6) --- (None) > --- UTILITY (3) ------ Signal Interpreter > --- WEAPON (2) ------- (None) > --- INVENTORY (5) ---- Flight Unit Flight Unit Flight Unit Flight Unit Axe Peak State ------------ > --- POWER ------------ Light Nuclear Core Micro Nuclear Core > --- PROPULSION ------- (None) > --- UTILITY ---------- Improved Sensor Array Signal Interpreter > --- WEAPON ----------- Longsword +1 > --- INVENTORY -------- Flight Unit Trap Scanner Remote Datajack Axe [Rating: 20] Favorites ----------- Power Light Ion Engine Engine Light Ion Engine Power Core Micro Nuclear Core Propulsion Flight Unit Leg Aluminum Leg Wheel Wheel Flight Unit Flight Unit Utility Heat Sink Device Heat Sink Processor Signal Interpreter Weapon Small Laser Energy Gun Small Laser Slashing Weapon Longsword +1 Build | -11 -10 -10 -10 -9 -8 -7 -7 ------- Run | Yrd Mat Min Exi Min Mat Fac Low Slots Evolved 6 | . . . . . 4 2 . Power 1 | . . . . . 1 . . Propulsion 4 | . . . . . 3 1 . Utility 1 | . . . . . . 1 . Weapon . | . . . . . . . . Parts Attached 26 | 8 1 3 1 . 5 3 5 Power 4 | 1 . 1 . . . 2 . Engine 2 | 1 . 1 . . . . . Core 2 | . . . . . . 2 . Reactor . | . . . . . . . . Propulsion 15 | 5 . 2 . . 4 . 4 Treads . | . . . . . . . . Leg 2 | 2 . . . . . . . Wheel 3 | 3 . . . . . . . Hover . | . . . . . . . . Flight 10 | . . 2 . . 4 . 4 Utility 3 | . 1 . . . 1 1 . Device 2 | . 1 . . . 1 . . Storage . | . . . . . . . . Processor 1 | . . . . . . 1 . Hackware . | . . . . . . . . Protection . | . . . . . . . . Artifact . | . . . . . . . . Weapon 4 | 2 . . 1 . . . 1 Energy Gun 2 | 2 . . . . . . . Energy Cannon . | . . . . . . . . Ballistic Gun . | . . . . . . . . Ballistic Cannon . | . . . . . . . . Launcher . | . . . . . . . . Special Weapon . | . . . . . . . . Impact Weapon . | . . . . . . . . Slashing Weapon 2 | . . . 1 . . . 1 Piercing Weapon . | . . . . . . . . Special Melee Weapon . | . . . . . . . . Unidentified Prototypes . | . . . . . . . . Parts Lost 7 | . . 2 . . . . 5 Power 3 | . . 1 . . . . 2 Propulsion 2 | . . 1 . . . . 1 Utility 1 | . . . . . . . 1 Weapon 1 | . . . . . . . 1 Highest Loss Streak 4 | . . 1 . . . . 4 To Critical Strikes . | . . . . . . . . Average Slot Usage (%) 70 | . 76 79 72 . 70 75 45 Engine 9 | . 14 14 14 . 9 6 . Core 3 | . . . . . . 6 11 Wheel 8 | . 28 11 . . . . . Flight 22 | . . 11 28 . 44 38 13 Device 12 | . 5 14 14 . 17 15 11 Processor 2 | . . . . . . 7 7 Energy Gun 11 | . 28 28 15 . . . . Peak Build Rating 20 | 5 6 6 12 5 10 18 20 Average Rating 9 | 3 5 5 5 5 9 15 13 On Entrance 6 | . 5 6 6 5 5 10 18 Naked Turns . | . . . . . . . . Heaviest Build 13 | 5 6 6 6 4 5 13 13 Greatest Support 20 | 20 20 20 8 8 20 20 20 Greatest Overweight (x) 4 | 1 . . . . . . 4 Average Overweight (x) . | . . . . . . . . Largest Inventory Capacity 5 | 5 5 5 5 5 5 5 5 Average Capacity 5 | 5 5 5 5 5 5 5 5 Most Carried 5 | 1 2 5 5 4 3 5 5 Average Carried 2 | . 1 2 3 4 1 2 4 Final Capacity 5 | 5 5 5 5 5 5 5 5 Final Carried 5 | 1 2 3 4 4 2 4 5 Class Distribution -------------------- 53% | Mutant 38% | Scavenger-Scout 7% | Scavenger-Sprinter Dominant Class ---------------- Mutant | -10/Materials Mutant | -10/Mines Mutant | -10/Exiles Mutant | -9/Mines Scavenger-Scout | -8/Materials Scavenger-Scout | -7/Factory Scavenger-Sprinter | -7/Lower Caves Resources | -11 -10 -10 -10 -9 -8 -7 -7 ----------- Run | Yrd Mat Min Exi Min Mat Fac Low Matter Collected 343 | 188 44 73 . . . . 38 Remotely . | . . . . . . . . Salvage Created 262 | 16 90 127 . . . . 29 Parts 17 | 3 2 10 . . . . 2 Haulers Intercepted . | . . . . . . . . Recyclers Shooed . | . . . . . . . . Parts Field Recycled . | . . . . . . . . Retrieved Matter . | . . . . . . . . Parts Self-Destructed 2 | . . . . . . . 2 Prevented 1 | . . . . . . . 1 Kills | -11 -10 -10 -10 -9 -8 -7 -7 ------- Run | Yrd Mat Min Exi Min Mat Fac Low Combat Hostiles Destroyed 6 | . 2 3 . . . . 1 Melee 1 | . . . . . . . 1 Guns 5 | . 2 3 . . . . . Classes Destroyed 4 | 1 1 2 . . . . . Tunneler 1 | 1 . . . . . . . Recycler 1 | . . 1 . . . . . Swarmer 4 | . . 3 . . . . 1 Grunt 2 | . 2 . . . . . . Best Kill Streak 4 | 1 1 4 . . . . 1 Combat Bots Only 3 | . 1 3 . . . . 1 Max Kills in Single Turn 1 | 1 1 1 . . . . 1 Gunslinging . | . . . . . . . . Exploded . | . . . . . . . . Melee 1 | . . . . . . . 1 Uniques/NPCs Destroyed . | . . . . . . . . Combat | -11 -10 -10 -10 -9 -8 -7 -7 -------- Run | Yrd Mat Min Exi Min Mat Fac Low Hostile Shots Fired 136 | . 9 14 . . 9 1 103 Missed 47 | . 1 3 . . 7 . 36 Damage Taken 1250 | . 88 112 . . 59 12 979 Core 822 | . 47 19 . . 45 . 711 Absorbed by Shields 5 | . . . . . . 5 . Regen/Repaired (Parts) 10 | . . . . . 10 . . Core Remaining (%) 88 | 100 . . . 73 91 . . Volleys Fired 14 | 1 7 6 . . . . . Largest 2 | 2 2 2 . . . . . Hottest 80 | 80 80 80 . . . . . Shots Fired 28 | 2 14 12 . . . . . Gun 28 | 2 14 12 . . . . . Cannon . | . . . . . . . . Launcher . | . . . . . . . . Special . | . . . . . . . . Kinetic . | . . . . . . . . Thermal 28 | 2 14 12 . . . . . Explosive . | . . . . . . . . Electromagnetic . | . . . . . . . . Robot Hit Streak 4 | 1 4 4 . . . . . Robot Miss Streak 1 | 1 1 1 . . . . . Penetration Max . | . . . . . . . . Secondary Targets . | . . . . . . . . Shots Hit Robots 21 | 1 10 8 . . . . 2 Core Hits 11 | 1 4 5 . . . . 1 Critical Kills . | . . . . . . . . Critical Parts Destroyed . | . . . . . . . . Critical Strikes . | . . . . . . . . Melee Attacks 5 | . . . . . . . 5 Impact . | . . . . . . . . Slashing 5 | . . . . . . . 5 Piercing . | . . . . . . . . Sneak Attacks . | . . . . . . . . Combat Hostiles . | . . . . . . . . Follow-up Attacks . | . . . . . . . . Damage Inflicted 279 | 12 110 83 . . . . 74 Guns 205 | 12 110 83 . . . . . Cannons . | . . . . . . . . Explosions . | . . . . . . . . Melee 74 | . . . . . . . 74 Ramming . | . . . . . . . . Kinetic . | . . . . . . . . Thermal 205 | 12 110 83 . . . . . Explosive . | . . . . . . . . Electromagnetic . | . . . . . . . . Impact . | . . . . . . . . Slashing 74 | . . . . . . . 74 Piercing . | . . . . . . . . Highest Corruption . | . . . . . . . . Average Corruption . | . . . . . . . . Corruption Purged . | . . . . . . . . Corruption Blocked . | . . . . . . . . Overload Shots . | . . . . . . . . Overflow Damage 2 | . . . . . . . 2 Projectiles . | . . . . . . . . Explosions . | . . . . . . . . Melee 2 | . . . . . . . 2 Knockbacks . | . . . . . . . . Impact . | . . . . . . . . Kinetic . | . . . . . . . . Secondary . | . . . . . . . . Self-Inflicted Damage . | . . . . . . . . Shots . | . . . . . . . . Rammed . | . . . . . . . . Targets Rammed . | . . . . . . . . Kicked . | . . . . . . . . Crushed . | . . . . . . . . Highest Temperature 120 | 20 120 . . . . . 8 Average Temperature 45 | 12 52 . . . . . 6 Received Heat Transfer 120 | . 48 18 . . 9 6 39 Siege Activations . | . . . . . . . . Robots Corrupted . | . . . . . . . . Combat Hostiles . | . . . . . . . . Parts Fried . | . . . . . . . . Impact Corruptions . | . . . . . . . . Robots Melted . | . . . . . . . . Combat Hostiles . | . . . . . . . . Parts Melted 2 | . 1 1 . . . . . Heat Transferred 475 | 25 250 200 . . . . . Parts Sabotaged . | . . . . . . . . Parts Stolen . | . . . . . . . . Parts Stripped . | . . . . . . . . Power Chain Reactions . | . . . . . . . . Alert | -11 -10 -10 -10 -9 -8 -7 -7 ------- Run | Yrd Mat Min Exi Min Mat Fac Low Peak Influence 180 | 5 105 180 . . 127 109 . Initial 57 | . 3 40 . . . 57 . Average 61 | 1 51 153 . . 30 80 . Maximum Alert Level . | . . . . . . . . Low Security (%) 100 | 100 100 100 . 100 100 100 . Level 1 . | . . . . . . . . Level 2 . | . . . . . . . . Level 3 . | . . . . . . . . Level 4 . | . . . . . . . . Level 5 . | . . . . . . . . High Security . | . . . . . . . . Max Security . | . . . . . . . . Squads Dispatched 1 | . 1 . . . . . . Investigation . | . . . . . . . . Extermination . | . . . . . . . . Reinforcement 1 | . 1 . . . . . . Assault . | . . . . . . . . Garrison . | . . . . . . . . Intercept . | . . . . . . . . Searches Triggered . | . . . . . . . . Construction Impeded . | . . . . . . . . Haulers Reinforced . | . . . . . . . . Active Scanning Responses . | . . . . . . . . Cargo Convoy Interrupts . | . . . . . . . . Stealth | -11 -10 -10 -10 -9 -8 -7 -7 --------- Run | Yrd Mat Min Exi Min Mat Fac Low Distress Signals 2 | . . 1 . . . 1 . Communications Jammed . | . . . . . . . . Distress Signals . | . . . . . . . . Times Spotted 36 | . 5 6 . . 6 2 17 Peak Tracking Total 12 | . 3 3 . . 8 2 12 Tactical Retreats 6 | . . 1 . . 1 2 2 Traps | -11 -10 -10 -10 -9 -8 -7 -7 ------- Run | Yrd Mat Min Exi Min Mat Fac Low Traps Triggered 4 | . . . . . . 4 . Indirectly . | . . . . . . . . Trap Hack Attempts . | . . . . . . . . Triggered . | . . . . . . . . Disarmed . | . . . . . . . . Reprogrammed . | . . . . . . . . Reused . | . . . . . . . . Traps Extracted . | . . . . . . . . Installed . | . . . . . . . . Triggered 1 | . . . . . . . 1 Machines | -11 -10 -10 -10 -9 -8 -7 -7 ---------- Run | Yrd Mat Min Exi Min Mat Fac Low Machines Disabled . | . . . . . . . . Max in Single Turn . | . . . . . . . . Machines Repaired . | . . . . . . . . Machines Dismantled . | . . . . . . . . Machines Sabotaged . | . . . . . . . . Overloaded Fab Kills . | . . . . . . . . Hacking | -11 -10 -10 -10 -9 -8 -7 -7 --------- Run | Yrd Mat Min Exi Min Mat Fac Low Machines Accessed 13 | . 2 . 2 . 7 2 . Terminals 9 | . 2 . . . 5 2 . Fabricators . | . . . . . . . . Repair Stations 1 | . . . . . 1 . . Recycling Units . | . . . . . . . . Scanalyzers 1 | . . . . . 1 . . Garrison Access . | . . . . . . . . Total Hacks 56 | . 8 . 24 . 18 6 . Successful 45 | . 6 . 24 . 13 2 . Failed 11 | . 2 . . . 5 4 . Catastrophic 4 | . 1 . . . 2 1 . Database Lockouts . | . . . . . . . . Manual 22 | . 8 . 1 . 10 3 . Terminals 29 | . 8 . . . 15 6 . Fabricators . | . . . . . . . . Repair Stations 2 | . . . . . 2 . . Recycling Units . | . . . . . . . . Scanalyzers 1 | . . . . . 1 . . Garrison Access . | . . . . . . . . Terminal Hacks 28 | . 1 . 24 . 2 1 . Record 23 | . . . 23 . . . . Part Schematic 1 | . 1 . . . . . . Branch Access Points 2 | . . . . . 1 1 . Zone Layout 1 | . . . . . 1 . . Derelict Proto ID Bank 1 | . . . 1 . . . . Fabricator Hacks . | . . . . . . . . Repair Station Hacks 2 | . . . . . 2 . . Scan Component 1 | . . . . . 1 . . Repair 1 | . . . . . 1 . . Recycling Unit Hacks . | . . . . . . . . Scanalyzer 1 | . . . . . 1 . . Insert Component 1 | . . . . . 1 . . Garrison Access Hacks . | . . . . . . . . Unauthorized Hacks 14 | . 5 . . . 8 1 . Terminals 14 | . 5 . . . 8 1 . Track 3 | . 1 . . . 2 . . Assimilate 2 | . 1 . . . 1 . . Botnet 7 | . 2 . . . 4 1 . Operators 2 | . 1 . . . 1 . . Fabricators . | . . . . . . . . Repair Stations . | . . . . . . . . Recycling Units . | . . . . . . . . Scanalyzers . | . . . . . . . . Garrison Access . | . . . . . . . . Data Cores Recovered . | . . . . . . . . Used . | . . . . . . . . Hacking Detections 9 | . 2 . . . 5 2 . Full Trace Events . | . . . . . . . . Feedback Events . | . . . . . . . . Feedback Blocked . | . . . . . . . . Robot Schematics Acquired . | . . . . . . . . Robots Built . | . . . . . . . . Authchips . | . . . . . . . . Time . | . . . . . . . . Total Robot Build Rating . | . . . . . . . . Part Schematics Acquired 1 | . 1 . . . . . . Parts Built . | . . . . . . . . Authchips . | . . . . . . . . Time . | . . . . . . . . Total Part Build Rating . | . . . . . . . . Parts Repaired 1 | . . . . . 1 . . Time 26 | . . . . . 26 . . Parts Recycled . | . . . . . . . . Recycled Matter . | . . . . . . . . Retrieved Matter . | . . . . . . . . Retrieved Components . | . . . . . . . . Parts Scanalyzed . | . . . . . . . . Part Schematics Acquired . | . . . . . . . . Parts Damaged . | . . . . . . . . Bothacking | -11 -10 -10 -10 -9 -8 -7 -7 ------------ Run | Yrd Mat Min Exi Min Mat Fac Low Used RIF Installer . | . . . . . . . . Robots Hacked . | . . . . . . . . Non-combat . | . . . . . . . . Combat . | . . . . . . . . Robot Hacks Applied . | . . . . . . . . Relay Couplers Released . | . . . . . . . . Fabnet Peak Effective % . | . . . . . . . . Robots Rewired . | . . . . . . . . Allies Hacked . | . . . . . . . . Hacks Repelled . | . . . . . . . . Allies | -11 -10 -10 -10 -9 -8 -7 -7 -------- Run | Yrd Mat Min Exi Min Mat Fac Low Total Allies 1 | . . . . . 1 . . Largest Group 1 | . . . . . 1 . . Highest-Rated Group 10 | . . . . . 10 . . Highest-Rated Ally 10 | . . . . . 10 . . Total Orders . | . . . . . . . . Ally Attacks . | . . . . . . . . Total Damage . | . . . . . . . . Kills . | . . . . . . . . Allies Corrupted . | . . . . . . . . Allies Melted . | . . . . . . . . Intel | -11 -10 -10 -10 -9 -8 -7 -7 ------- Run | Yrd Mat Min Exi Min Mat Fac Low Robot Analysis Total . | . . . . . . . . Derelict Logs Recovered . | . . . . . . . . Drone Launches . | . . . . . . . . Drone Recoveries . | . . . . . . . . Exploration | -11 -10 -10 -10 -9 -8 -7 -7 ------------- Run | Yrd Mat Min Exi Min Mat Fac Low Turns Passed 1259 | 66 313 115 86 6 250 233 190 Spaces Moved 2010 | 54 156 140 222 15 501 637 285 Core 65 | 30 . . . . . . 35 Treads . | . . . . . . . . Legs 17 | 17 . . . . . . . Wheels 188 | 7 156 25 . . . . . Hover . | . . . . . . . . Flight 1740 | . . 115 222 15 501 637 250 Fastest Speed 28 | 50 80 37 37 37 28 28 28 Average Speed 37 | 91 80 44 37 37 29 28 35 Slowest Speed 280 | 120 80 80 37 37 31 28 280 Overloaded Moves . | . . . . . . . . Propulsion Burnouts . | . . . . . . . . Robots Hopped 21 | . . 5 . . 4 12 . Cave-ins Triggered . | . . . . . . . . Exploration Rate (%) 28 | 3 27 32 60 7 36 18 46 Regions Visited 7 Branch Regions 4 Pre-discovered Areas 1 | . . . 1 . . . . Known Exits Taken 1 | . . . . . . 1 . Unknown Exits Taken 6 | 1 1 1 1 1 1 . . Scrap Searched . | . . . . . . . . Spaces Dug . | . . . . . . . . Terrain Destroyed . | . . . . . . . . Melee . | . . . . . . . . Projectile . | . . . . . . . . AOE . | . . . . . . . . Terrain Rammed . | . . . . . . . . Walls Destroyed . | . . . . . . . . Machines Disabled . | . . . . . . . . Actions | -11 -10 -10 -10 -9 -8 -7 -7 --------- Run | Yrd Mat Min Exi Min Mat Fac Low Total 2463 | 64 329 177 227 14 597 678 377 Wait 353 | . 165 25 . . 95 7 61 Move 1963 | 53 155 129 221 14 492 614 285 Hop 19 | . . 5 . . 4 10 . Pick Up 19 | 1 1 6 1 . 1 3 6 Fast Attach 12 | 5 1 . . . 2 1 3 Attach 10 | . . 3 1 . 3 1 2 Detach 5 | . . . 2 . . . 3 Swap 4 | 3 . . . . . 1 . Drop 19 | 1 . 3 2 . . 1 12 Fire 14 | 1 7 6 . . . . . Melee 5 | . . . . . . . 5 Ram . | . . . . . . . . Kick . | . . . . . . . . Crush . | . . . . . . . . Escape Stasis 40 | . . . . . . 40 . Rewire . | . . . . . . . . Trap . | . . . . . . . . Miscellaneous . | . . . . . . . . Route ------- -11/Scrapyard -10/Materials -10/Mines -10/Exiles -9/Mines -8/Materials (discovered 2 exits: *Fac / Sto) -7/Factory (discovered 2 exits: *Low x2) -7/Lower Caves History --------- Turn | Location | Event 5 | -11/Scrapyard | Discovered new exit (range 16) 67 | -11/Scrapyard | Entered Materials 246 | -10/Materials | Discovered new exit (range 9) 303 | -10/Materials | Build established: Mutant 380 | -10/Materials | Entered Mines 479 | -10/Mines | Assembled infested the area 494 | -10/Mines | Discovered new exit (range 5) 495 | -10/Mines | Entered Exiles 504 | -10/Exiles | Met 8R-AWN 511 | -10/Exiles | Met EX-HEX 522 | -10/Exiles | Met EX-BIN 527 | -10/Exiles | Aligned with FarCom system 527 | -10/Exiles | Given EX-Vault access code 536 | -10/Exiles | Opened EX-Vault 538 | -10/Exiles | Found Longsword +1 551 | -10/Exiles | Warned to stay clear of 0b10 Research branches 561 | -10/Exiles | Met EX-DEC 564 | -10/Exiles | Learned location of Zion (-7) 577 | -10/Exiles | Discovered new exit (range 12) 581 | -10/Exiles | Left Exiles lab with Longsword +1 581 | -10/Exiles | Entered Mines 581 | -9/Mines | Discovered new exit (range 15) 587 | -9/Mines | Entered Materials 587 | -8/Materials | Evolved 4 slots: Power x1, Propulsion x3 708 | -8/Materials | Repaired Flight Unit 732 | -8/Materials | Identified exit to Storage 834 | -8/Materials | Discovered new exit (range 9) 837 | -8/Materials | Entered Factory 837 | -7/Factory | Evolved 2 slots: Propulsion x1, Utility x1 900 | -7/Factory | Build established: Scavenger-Scout 932 | -7/Factory | Identified exit to Lower Caves 1070 | -7/Factory | Entered Lower Caves 1196 | -7/Lower Caves | Encountered a Warlord checkpoint 1218 | -7/Lower Caves | Spotted B-75 Beast 1240 | -7/Lower Caves | Core integrity fell below 50% 1247 | -7/Lower Caves | Core integrity fell below 20% 1260 | -7/Lower Caves | Destroyed by S-27 Virus with Autogun Last Messages --------------- 01221_ Acquired 25 matter. 01223_ Acquired 5 matter. 01224_ Dropped Flight Unit. 01227_ Mic. Nuclear Core destroyed. 01228_ S-27 Virus destroyed. 01229_ Lgt. Nuclear Core destroyed. 01232_ Destroyed Lgt. Nuclear Core. 01234_ VTOL Module fries itself beyond repair. 01237_ Dropped Trap Scanner. 01238_ Dropped Remote Datajack. 01238_ Acquired Flight Unit. 01240_ Autogun fries itself beyond repair. 01240_ Acquired Flight Unit. 01240_ Longsword +1 destroyed. 01241_ Dropped Flight Unit. 01241_ Acquired Flight Unit. 01242_ Dropped Flight Unit. 01242_ Acquired Flight Unit. 01243_ Dropped Imp. Sensor Array. 01244_ Acquired Flight Unit. Map ----- +----------------------------------------------------+ | | | | | | | | | ?????????????????????????????????????????????????? | | ?????????????????????????????????????????????????? | | ?????????????????????????????????????????????????? | | ?????????????????????????????????????????????????? | | ?????????????????????????????????????????????????? | | ?????????????????????????????????????????????????? | | ?????????????????????????????????????????????????? | | ?????????????????????????????????????????????????? | | ?????????????????????????????????????????????????? | | ?????????????????????????????????????????????????? | | ?????????????????????????????????????????????????? | | ?????????????????????????????????????????????????? | | ???????????##############????????????????????????? | | ??????????? $ #????????????????????????? | | ??????????? " #????????????????????????? | | ???????????""" ##???????????????????????? | | ???????????"" " #???????????????????????? | | ???????????" """" #???????????????????????? | | ???????????" """""" #???????????????????????? | | ?? ? ? """""" ##??????????????????????? | | ??? """"" " ##########?????????????? | | ???# " @ ????????? | | ???# """""" ????????? | | ???# """""" " ##### ####???????????? | | ???# """ $ """"s # #?????? ?????????????? | | ???# " "" ss # ???????????????????? | | ???# " s # ####??????????????????? | | ???# s # ##????????????????????? | | ????# ##### #????????????????????? | | ????## #???# ##????????????????????? | | ?????## ##;####???# #?????????????????????? | | ??????## ## #??????#b #?????????????????????? | | ???????#### # ###????# #?????????????????????? | | ??????????# # ######g% #####?????????????????? | | ??????????# # #?????????????????? | | ??????????# # % #?????????????????? | | ??????????# ! !### ##?????????????????? | | ??????????##### |####?# ##??????????????????? | | ??????????????## "#???? ##???????????????????? | | ?? ?????????# "#???? ###????????????????????? | | ? ?????# ###### ###????????????????????? | | ? "#" % ?????????????????? | | ?# ?????????????????? | | ? ## #### ########++????????????????????? | | ????????????????# #??? #???????????????????????? | | ?????????????#??# #?? #???????????????????????? | +----------------------------------------------------+ Best States ------------- Heat Dissipation 44 Energy Generation 24 Energy Capacity 210 Matter Stores 300 Matter Capacity 300 Sight Range 16 Robot Scan Range 15 Terrain Scan Density 10 Evasion (%) 64 Item Schematics ----------------- Flight Unit | -10/Materials | Hacked Robot Schematics ------------------ None Fabricated ------------ Nothing Alien Tech Used ----------------- None Achievements -------------- None Challenges ------------ None Game ------ Seed DrainedHardenedPerforator Manual? 0 Play Time 00:29:22 Cumulative 50.9 hours Start 2024.11.19 @ 06:53:59 End 2024.11.19 @ 07:20:09 Sessions 1 Manual Loads 0 Difficulty Rogue Special Mode None Game No. 96 Rogue 96 Adventurer 0 Explorer 0 Win Type - Total 0 Types 0/0/0/0/0/0/0/0/0 Lore% 15 Gallery% 34 Achievement% 32 Wizard Run 0 Options --------- Layout 0 ASCII 0 Keyboard 1 Movement Numpad Keybinds 0 Fullscreen 1 Font 18/SmallcapsGlow Map View 76x50 Zoom Use 0% Tactical HUD 1 Map Filters NONE Filters NONE Steam 1 RUN: 123dabfc-7bdf-4123-a4e4-3b5dac93e771